 Dungeon Crawl Stone Soup version 0.19.3-4-gbf9329e (webtiles) character file.

234 shas the Slasher (level 5, 0/47 HPs)
             Began as a Minotaur Fighter on Jan 29, 2017.
             Succumbed to a water moccasin's poison
             ... on level 3 of the Dungeon.
             The game lasted 00:09:20 (2487 turns).

shas the Slasher (Minotaur Fighter)                 Turns: 2487, Time: 00:09:21

Health: 0/47       AC:  6    Str: 27    XL:     5   Next: 75%
Magic:  4/4        EV:  8    Int: 10    God:
Gold:   198        SH: 10    Dex:  9    Spells: 0 memorised, 4 levels left

rFire  . . .     SeeInvis .     a - +0 long sword
rCold  . . .     Gourm    .     b - +0 scale mail
rNeg   . . .     Faith    .     c - +0 shield
rPois  .         Spirit   .     (helmet restricted)
rElec  .         Reflect  .     (no cloak)
rCorr  .         Harm     .     (no gloves)
MR     .....                    (no boots)
Stlth  ..........               (no amulet)
                                o - ring of ice
                                g - ring of fire

@: mighty, brilliant, lethally poisoned (0 -> -14), very slightly contaminated,
hasted, very quick
A: retaliatory headbutt, hooves 1, horns 2, blurry vision 1, screaming 1
a: no special abilities


You were on level 3 of the Dungeon.
You were not hungry.

You visited 1 branch of the dungeon, and saw 4 of its levels.

You collected 198 gold pieces.

Inventory:

Hand Weapons
 a - a +0 long sword (weapon)
Armour
 b - a +0 scale mail (worn)
 c - a +0 shield (worn)
Jewellery
 g - a ring of fire (left hand)
 o - a ring of ice (right hand)
Scrolls
 k - 2 scrolls of remove curse
 l - 2 scrolls of teleportation
 q - a scroll of identify
Potions
 e - 2 potions of agility
 p - a potion of haste
Comestibles
 f - 2 bread rations
 h - 5 chunks of flesh
 n - 2 meat rations
 r - a fruit


   Skills:
 + Level 4.9 Fighting
 * Level 5.5 Long Blades
 - Level 3.6 Armour
 + Level 5.0 Shields


You had 4 spell levels left.
You didn't know any spells.

Dungeon Overview and Level Annotations

Branches:
Dungeon (4/15)
 Temple: D:4-7

Altars:
Kikubaaqudgha


Innate Abilities, Weirdness & Mutations

You reflexively headbutt those who attack you in melee.
You have a pair of horns on your head.
You have large cloven feet.
Scrolls take you a little longer to read.
You occasionally shout uncontrollably at your foes.


Message History

You have reached level 5!
* * * LOW HITPOINT WARNING * * *
You feel sick.
Okay, then.
It was a potion of brilliance.
You feel clever all of a sudden.
* * * LOW HITPOINT WARNING * * *
You feel sick.
It was a potion of mutation.
You feel extremely strange.
Your feet thicken and deform.
You feel the urge to shout.
Your vision blurs.
* * * LOW HITPOINT WARNING * * *
You feel sick.
* * * LOW HITPOINT WARNING * * *
You feel sick.
* * * LOW HITPOINT WARNING * * *
You feel sick.
* * * LOW HITPOINT WARNING * * *
You feel sick.
Some of the chunks of flesh in your inventory have rotted away.
You die...

..#............#..###############
..#..........(.#..#
..############.#..#########
......# #.................#
......# #.............###.#
#.....###.............# #.#
#.....'.'.............# #.#
#.....###.............# #.#######
#.....# #..)....@.....# #........
#.....# #.............# #########
......# ######........# #.
#.....# #)######## #. #.....# #.#
#. #.....# #.# #. ......# #.# #.
#.##### #.# #.
#.############.#################.


There were no monsters in sight!

Vanquished Creatures
  A water moccasin (D:3)
  Jessica (D:1)
  3 adders
  An ooze (D:2)
  A worm (D:3)
  A dart slug (D:2)
  A leopard gecko (D:2)
  7 orcs (D:3)
  A bat zombie (D:3)
  4 giant cockroaches
  6 goblins
  8 hobgoblins
  8 kobolds
  9 bats
  3 frilled lizards
  5 rats
  3 rat zombies (D:3)
63 creatures vanquished.

Notes
Turn   | Place    | Note
-------+----------+-------------------------------------------
     0 | D:1      | shas the Minotaur Fighter began the quest for the Orb.
     0 | D:1      | Reached XP level 1. HP: 19/19 MP: 0/0
   229 | D:1      | Reached XP level 2. HP: 25/27 MP: 1/1
   830 | D:2      | Noticed Jessica
   995 | D:1      | Killed Jessica
   995 | D:1      | Reached XP level 3. HP: 33/33 MP: 2/2
  1156 | D:2      | Reached XP level 4. HP: 35/40 MP: 3/3
  1914 | D:3      | Found an ancient bone altar of Kikubaaqudgha.
  2461 | D:4      | Noticed a water moccasin
  2481 | D:3      | Killed a water moccasin
  2481 | D:3      | Reached skill level 5 in Long Blades
  2481 | D:3      | Reached skill level 5 in Shields
  2481 | D:3      | Reached XP level 5. HP: 8/47 MP: 4/4
  2483 | D:3      | Gained mutation: You have large cloven feet. [potion of mutation]
  2483 | D:3      | Gained mutation: You occasionally shout uncontrollably at your foes. [potion of mutation]
  2483 | D:3      | Gained mutation: Scrolls take you a little longer to read. [potion of mutation]
  2485 | D:3      | HP: 2/47 [poisoned by a water moccasin]
  2487 | D:3      | Succumbed to a water moccasin's poison

Skill      XL: |  1  2  3  4 |
---------------+-------------+-----
Long Blades    | 3 4 5 |  5.5
Shields        | 4 5 |  5.0
Fighting       | 4 |  4.9
Armour         | |  3.6

Action                   |  1- 3 |  4- 6 || total
-------------------------+-------+-------++-------
Melee: Long sword        |    88 |    95 ||   183
       Headbutt          |    14 |    13 ||    27
  Use: Scroll            |     4 |       ||     4
       Potion            |       |     5 ||     5
  Eat: Chunk             |     1 |     4 ||     5
Armor: Scale mail        |    48 |    19 ||    67
Dodge: Dodged            |    22 |    23 ||    45
Block: Shield            |    38 |    56 ||    94
       Rpst.: Long sword |     8 |     8 ||    16
